Unix NetHack Version 5.0.0-0 post-release - last build Jun 10 2026 00:39:30 (3ee93aec679c4c4259841fe613dc97188e26a321,branch:main).

Game began 2026-06-12 23:42:04, ended 2026-06-12 23:55:31.

Kwijibo4686, neutral female human Valkyrie

                                     -----
                                   ---...---
                              ------.......--
                              |..--.........--
                              |.......G...|....
                              |-.......... -..---
                              |.....|....-  ....--
                        ..|.. |..--.|...-    |...-
                      --....------|.|     ..---...      -....---
                     |.......- |..|.|     ........     |.)......|
                     |.@..{...||..|.|     --......... .-%-......--
                     --.......-|....|      --.---.........    |..|
                      -@G......----.|       |.| ----.....     |..-----
                      e..-+---......|       |.|    --...      |....|.----
                             --..--.+     ---|---  #.--       |.........|--
                                          |......                 ..)..-|.--
                                          |.._..|                 .|....|..--
                                          ......|                  ----)[).)|
                                          -------                     ---..<|
                                                                          ---
Kwijibo4686 the Fighter     St:18/02 Dx:14 Co:16 In:9 Wi:9 Ch:13  Neutral
Dlvl:7  $:88 HP:0(51) Pw:15(15) AC:-6 Xp:6 T:2600 

Latest messages:
 This door is locked.
 This door is locked.
 This door is locked.
 This door is locked.
 This door is locked.
 You hear a distant zap.
 You hit the floating eye!
 You are frozen by the floating eye's gaze!
 The watch captain wields a long sword!
 The orc zombie misses the watch captain.
 The watch captain swings his long sword at the orc zombie.
 The watch captain hits the orc zombie.
 The orc zombie is destroyed!
 You hear someone cursing shoplifters.
 The gnome queen shoots 3 crossbow bolts!
 The 1st crossbow bolt misses you.
 The 2nd crossbow bolt misses you.
 The 3rd crossbow bolt misses you.
 The gnome queen swings her crossbow.
 The gnome queen hits!
 The gnome queen swings her crossbow.
 The gnome queen hits!
 The gnome queen swings her crossbow.
 The gnome queen just misses!
 The gnome queen swings her crossbow.
 The gnome queen hits!
 The gnome queen swings her crossbow.
 The gnome queen misses!
 The gnome queen swings her crossbow.
 The gnome queen misses!
 The gnome queen swings her crossbow.
 The gnome queen misses!
 The gnome queen swings her crossbow.
 The gnome queen hits!
 The gnome queen swings her crossbow.
 The gnome queen misses!
 The gnome queen swings her crossbow.
 The gnome queen hits!
 The gnome queen swings her crossbow.
 The gnome queen hits!
 The gnome queen swings her crossbow.
 The gnome queen hits!
 The gnome queen swings her crossbow.
 The gnome queen hits!
 You die...
 Do you want your possessions identified? [ynq] (y) y
 Do you want to see your attributes? [ynq] (y) y
 Do you want an account of creatures vanquished? [ynaq] (y) y
 Do you want to see your conduct and achievements? [ynq] (y) y
 Do you want to see the dungeon overview? [ynq] (y) y

Inventory:
 Coins    ('$')
  $ - 88 gold pieces
 Weapons  (')')
  b - a +0 dagger (alternate weapon; not wielded)
  a - a +1 spear (weapon in right hand)
 Armor    ('[')
  A - an uncursed +1 dwarvish iron helm (being worn)
  t - an uncursed +0 pair of iron shoes (being worn)
  c - an uncursed +3 small shield (being worn)
  u - an uncursed +0 cloak of displacement (being worn)
  C - an uncursed +0 dwarvish mithril-coat (being worn)
 Comestibles  ('%')
  d - 2 uncursed food rations
  E - an uncursed lembas wafer
 Scrolls  ('?')
  n - a blessed scroll of earth
  h - a cursed scroll of earth
  m - an uncursed scroll of food detection
  k - a cursed scroll of identify
  q - 2 uncursed scrolls of teleportation
 Potions  ('!')
  H - an uncursed potion of water
 Wands    ('/')
  G - a wand of digging (0:5)
 Tools    ('(')
  f - a cursed fire horn (0:8)
  g - a cursed can of grease (0:25)

Kwijibo4686 the Valkyrie's attributes:

Background:
 You were a Fighter, a level 6 human Valkyrie.
 You were neutral, on a mission for Odin
 who was opposed by Tyr (lawful) and Loki (chaotic).
 You were right-handed.
 You were in the Gnomish Mines, on level 7.
 You entered the dungeon 2600 turns ago.
 It was nighttime.
 You had 500 experience points, 140 more were needed to attain level 7.

Basics:
 You had 0 out of 51 hit points.
 You had all 15 energy points (spell power).
 Your armor class was -6.
 Your wallet contained 88 zorkmids.
 Autopickup was on for '$?!/="' plus thrown.

Final Characteristics:
 Your strength was 18/02 (limit:18/100).
 Your dexterity was 14 (limit:18).
 Your constitution was 16 (limit:18).
 Your intelligence was 9 (limit:18).
 Your wisdom was 9 (limit:18).
 Your charisma was 13 (limit:18).

Final Status:
 You weren't hungry.
 You were unencumbered.
 You were wielding a spear.
 You had basic skill with spear and could have enhanced that.

Final Attributes:
 You were piously aligned.
 You were cold resistant.
 You were displaced.
 You were stealthy.
 You were guarded.
 You are dead.

Miscellaneous:
 You didn't encounter any bones levels.
 Total elapsed playing time was 13 minutes and 26 seconds.

Major events:
 Turn
    1: Kwijibo4686 the neutral human Valkyrie entered the dungeon
  822: attained the rank of Skirmisher (level 3)
 1218: entered the Gnomish Mines
 2055: attained the rank of Fighter (level 6)
 2270: reached Mine Town
 2600: killed by a gnome queen, while frozen by a floating eye's gaze

You didn't know any spells.

Skills:
 Fighting Skills
   bare handed combat [Unskilled]
   two weapon combat  [Unskilled]
   riding             [Unskilled]
 Weapon Skills
   dagger             [Basic]
   axe                [Unskilled]
   pick-axe           [Unskilled]
   short sword        [Unskilled]
   broadsword         [Unskilled]
   long sword         [Unskilled]
   two-handed sword   [Unskilled]
   saber              [Unskilled]
   hammer             [Unskilled]
   quarterstaff       [Unskilled]
   polearms           [Unskilled]
   spear              [Basic]
   trident            [Unskilled]
   lance              [Unskilled]
   sling              [Unskilled]
 Spellcasting Skills
   attack spells      [Unskilled]
   escape spells      [Unskilled]

Voluntary challenges:
 Character rerolling was not enabled.
 You never genocided any monsters.
 You never polymorphed an object.
 You never changed form.
 You used no wishes.
Achievements:
 You entered a shop.
 You attained the rank of Skirmisher.
 You entered the Gnomish Mines.
 You attained the rank of Fighter.
 You entered Minetown.
 You entered a temple.

 The Dungeons of Doom: levels 1 to 5
    Level 1:
    Level 2:
       A general store, some fountains.
    Level 3:
       An altar.
    Level 4:
       An altar, a fountain.
       Stairs down to The Gnomish Mines.
    Level 5:
 The Gnomish Mines: levels 5 to 7
    Level 5:
    Level 6:
    Level 7: <- You were here.
       A temple and an altar to Odin, a fountain.
       Final resting place for
          you, killed by a gnome queen, while frozen by a floating eye's gaze.


Vanquished creatures:
  a plains centaur
  a yellow light
  4 gnome leaders
  2 gnomish wizards
  4 giant ants
  a little dog
  7 dwarves
  a homunculus
  a centipede
 an orc zombie
  3 iguanas
  3 gas spores
  2 hobgoblins
 21 gnomes
  a gnome zombie
  2 geckos
  a jackal
  a goblin
  3 sewer rats
  4 grid bugs
  2 bats
  9 lichens
  5 newts
80 creatures vanquished.

No species were genocided or became extinct.

Game over:
                       ----------
                      /          \
                     /    REST    \
                    /      IN      \
                   /     PEACE      \
                  /                  \
                  |   Kwijibo4686    |
                  |      88 Au       |
                  |   killed by a    |
                  |   gnome queen    |
                  |                  |
                  |                  |
                  |       2026       |
                 *|     *  *  *      | *
        _________)/\\_//(\/(/\)/\//\/|_)_______

Farvel Kwijibo4686 the Valkyrie...

You died in The Gnomish Mines on dungeon level 7 with 2380 points,
and 88 pieces of gold, after 2600 moves.
You were level 6 with a maximum of 51 hit points when you died.

